Cogmind - Beta 13 @@@ ROGUE MODE // 2024.04.03 @ 22:29:01 Player: MasterLemons Result: Destroyed by D-53 Grenadier with Mini Grenade Launcher Performance ------------- Evolutions (0) 0 Regions Visited (2) 400 Robots Destroyed (3) 15 Value Destroyed (30) 30 Prototype IDs (0) 0 Alien Tech Used (0) 0 Bonus (0) 0 TOTAL SCORE: 445 Bonus ------- None Cogmind --------- Core Integrity 0/250 Matter 251/300 Energy 85/100 System Corruption 0% Temperature Cool (0) Movement Core (100) Ox1 Location -10/Mines Parts ------- > --- POWER (1) -------- (None) > --- PROPULSION (2) --- (None) > --- UTILITY (2) ------ Small Storage Unit Utility Shielding > --- WEAPON (2) ------- (None) > --- INVENTORY (8) ---- Ion Engine Ion Engine Huge Storage Unit Structural Scanner Utility Shielding Medium Laser Peak State ------------ > --- POWER ------------ Ion Engine > --- PROPULSION ------- Aluminum Leg Aluminum Leg > --- UTILITY ---------- Small Storage Unit Utility Shielding > --- WEAPON ----------- Assault Rifle Assault Rifle > --- INVENTORY -------- Ion Engine Ion Engine Ion Engine Utility Shielding [Rating: 7] Favorites ----------- Power Ion Engine Engine Ion Engine Propulsion Aluminum Leg Leg Aluminum Leg Utility Small Storage Unit Storage Small Storage Unit Protection Utility Shielding Weapon Assault Rifle Ballistic Gun Assault Rifle Launcher Rocket Launcher Special Weapon Mining Laser Build | -11 -10 -10 ------- Run | Yrd Mat Min Slots Evolved . | . . . Power . | . . . Propulsion . | . . . Utility . | . . . Weapon . | . . . Parts Attached 13 | 6 4 3 Power 2 | 1 . 1 Engine 2 | 1 . 1 Core . | . . . Reactor . | . . . Propulsion 3 | 2 1 . Treads . | . . . Leg 3 | 2 1 . Wheel . | . . . Hover . | . . . Flight . | . . . Utility 2 | 1 1 . Device . | . . . Storage 1 | 1 . . Processor . | . . . Hackware . | . . . Protection 1 | . 1 . Artifact . | . . . Weapon 6 | 2 2 2 Energy Gun . | . . . Energy Cannon . | . . . Ballistic Gun 4 | 2 2 . Ballistic Cannon . | . . . Launcher 1 | . . 1 Special Weapon 1 | . . 1 Impact Weapon . | . . . Slashing Weapon . | . . . Piercing Weapon . | . . . Special Melee Weapon . | . . . Unidentified Prototypes . | . . . Parts Lost 6 | . . 6 Power 1 | . . 1 Propulsion 2 | . . 2 Utility . | . . . Weapon 3 | . . 3 Highest Loss Streak 6 | . . 6 To Critical Strikes . | . . . Average Slot Usage (%) 93 | . 86 96 Engine 13 | . 14 13 Leg 26 | . 27 26 Storage 14 | . 14 14 Protection 10 | . 4 14 Ballistic Gun 26 | . 26 26 Naked Turns . | . . . Heaviest Build 15 | 14 15 15 Greatest Support 20 | 20 20 20 Greatest Overweight (x) 3 | . . 3 Average Overweight (x) . | . . . Largest Inventory Capacity 8 | 8 8 8 Average Capacity 7 | 6 8 8 Most Carried 8 | 5 5 8 Average Carried 5 | 1 2 6 Final Capacity 8 | 8 8 8 Final Carried 6 | 1 4 6 Class Distribution -------------------- 100% | Mutant Dominant Class ---------------- Mutant | -10/Materials Mutant | -10/Mines Resources | -11 -10 -10 ----------- Run | Yrd Mat Min Matter Collected 332 | 242 17 73 Remotely . | . . . Salvage Created 46 | . 46 . Parts 7 | . 7 . Haulers Intercepted . | . . . Recyclers Shooed . | . . . Parts Field Recycled . | . . . Retrieved Matter . | . . . Parts Self-Destructed . | . . . Prevented . | . . . Kills | -11 -10 -10 ------- Run | Yrd Mat Min Combat Hostiles Destroyed 3 | . 3 . Guns 3 | . 3 . Classes Destroyed 1 | . 1 . Swarmer 3 | . 3 . Best Kill Streak 3 | . 3 . Combat Bots Only 3 | . 3 . Max Kills in Single Turn 1 | . 1 . Gunslinging . | . . . Exploded . | . . . Melee . | . . . Uniques/NPCs Destroyed . | . . . Combat | -11 -10 -10 -------- Run | Yrd Mat Min Hostile Shots Fired 27 | . 13 14 Missed 3 | . 2 1 Damage Taken 738 | . 90 648 Core 251 | . 10 241 Absorbed by Shields . | . . . Redirected to Shielding 8 | . . 8 Core Remaining (%) 100 | 100 . . Volleys Fired 11 | . 7 4 Largest 2 | . 2 2 Hottest 40 | . 40 40 Shots Fired 19 | . 14 5 Gun 16 | . 14 2 Cannon . | . . . Launcher 3 | . . 3 Special . | . . . Kinetic 16 | . 14 2 Thermal . | . . . Explosive 3 | . . 3 Electromagnetic . | . . . Robot Hit Streak 3 | . 3 3 Robot Miss Streak 4 | . 4 2 Penetration Max . | . . . Secondary Targets 1 | . 1 . Max Gunslinging Chain 1 | . 1 . Shots Hit Robots 7 | . 5 2 Core Hits 9 | . 3 6 Critical Kills . | . . . Critical Parts Destroyed . | . . . Critical Strikes . | . . . Melee Attacks . | . . . Impact . | . . . Slashing . | . . . Piercing . | . . . Sneak Attacks . | . . . Combat Hostiles . | . . . Follow-up Attacks . | . . . Damage Inflicted 141 | . 65 76 Guns 93 | . 65 28 Cannons . | . . . Explosions 48 | . . 48 Melee . | . . . Ramming . | . . . Kinetic 93 | . 65 28 Thermal . | . . . Explosive 48 | . . 48 Electromagnetic . | . . . Impact . | . . . Slashing . | . . . Piercing . | . . . Highest Corruption . | . . . Average Corruption . | . . . Corruption Purged . | . . . Corruption Blocked . | . . . Overload Shots . | . . . Overflow Damage . | . . . Projectiles . | . . . Explosions . | . . . Melee . | . . . Knockbacks . | . . . Impact . | . . . Kinetic . | . . . Secondary . | . . . Self-Inflicted Damage . | . . . Shots . | . . . Rammed . | . . . Targets Rammed . | . . . Kicked . | . . . Crushed . | . . . Highest Temperature 2 | . . 2 Average Temperature 2 | . . 2 Received Heat Transfer 9 | . . 9 Siege Activations . | . . . Robots Corrupted . | . . . Combat Hostiles . | . . . Parts Fried . | . . . Impact Corruptions . | . . . Robots Melted . | . . . Combat Hostiles . | . . . Parts Melted . | . . . Heat Transferred . | . . . Parts Sabotaged . | . . . Parts Stolen . | . . . Parts Stripped . | . . . Power Chain Reactions . | . . . Alert | -11 -10 -10 ------- Run | Yrd Mat Min Peak Influence 91 | . 91 35 Initial 35 | . . 35 Average 26 | . 21 31 Maximum Alert Level . | . . . Low Security (%) 100 | 100 100 100 Level 1 . | . . . Level 2 . | . . . Level 3 . | . . . Level 4 . | . . . Level 5 . | . . . High Security . | . . . Max Security . | . . . Squads Dispatched 2 | . 2 . Investigation 1 | . 1 . Extermination . | . . . Reinforcement 1 | . 1 . Assault . | . . . Garrison . | . . . Intercept . | . . . Searches Triggered . | . . . Construction Impeded . | . . . Haulers Reinforced . | . . . Active Scanning Responses . | . . . Cargo Convoy Interrupts . | . . . Stealth | -11 -10 -10 --------- Run | Yrd Mat Min Distress Signals . | . . . Communications Jammed . | . . . Distress Signals . | . . . Times Spotted 8 | . 5 3 Peak Tracking Total 3 | . 3 2 Tactical Retreats . | . . . Traps | -11 -10 -10 ------- Run | Yrd Mat Min Traps Triggered 2 | . 2 . Indirectly . | . . . Trap Hack Attempts . | . . . Triggered . | . . . Disarmed . | . . . Reprogrammed . | . . . Reused . | . . . Traps Extracted . | . . . Installed . | . . . Triggered . | . . . Machines | -11 -10 -10 ---------- Run | Yrd Mat Min Machines Disabled . | . . . Max in Single Turn . | . . . Machines Repaired . | . . . Machines Dismantled . | . . . Machines Sabotaged . | . . . Overloaded Fab Kills . | . . . Hacking | -11 -10 -10 --------- Run | Yrd Mat Min Machines Accessed 2 | . 2 . Terminals 2 | . 2 . Fabricators . | . . . Repair Stations . | . . . Recycling Units . | . . . Scanalyzers . | . . . Garrison Access . | . . . Total Hacks 3 | . 3 . Successful 2 | . 2 . Failed 1 | . 1 . Catastrophic 1 | . 1 . Database Lockouts . | . . . Manual . | . . . Terminals 3 | . 3 . Fabricators . | . . . Repair Stations . | . . . Recycling Units . | . . . Scanalyzers . | . . . Garrison Access . | . . . Terminal Hacks 2 | . 2 . Branch Access Points 1 | . 1 . Zone Layout 1 | . 1 . Fabricator Hacks . | . . . Repair Station Hacks . | . . . Recycling Unit Hacks . | . . . Scanalyzer . | . . . Garrison Access Hacks . | . . . Unauthorized Hacks . | . . . Terminals . | . . . Fabricators . | . . . Repair Stations . | . . . Recycling Units . | . . . Scanalyzers . | . . . Garrison Access . | . . . Data Cores Recovered . | . . . Used . | . . . Hacking Detections 1 | . 1 . Full Trace Events 1 | . 1 . Feedback Events . | . . . Feedback Blocked . | . . . Robot Schematics Acquired . | . . . Robots Built . | . . . Authchips . | . . . Time . | . . . Total Robot Build Rating . | . . . Part Schematics Acquired . | . . . Parts Built . | . . . Authchips . | . . . Time . | . . . Total Part Build Rating . | . . . Parts Repaired . | . . . Time . | . . . Parts Recycled . | . . . Recycled Matter . | . . . Retrieved Matter . | . . . Retrieved Components . | . . . Parts Scanalyzed . | . . . Part Schematics Acquired . | . . . Parts Damaged . | . . . Bothacking | -11 -10 -10 ------------ Run | Yrd Mat Min Used RIF Installer . | . . . Robots Hacked . | . . . Non-combat . | . . . Combat . | . . . Robot Hacks Applied . | . . . Relay Couplers Released . | . . . Fabnet Peak Effective % . | . . . Robots Rewired . | . . . Allies Hacked . | . . . Hacks Repelled . | . . . Allies | -11 -10 -10 -------- Run | Yrd Mat Min Total Allies 1 | . . 1 Largest Group 1 | . . 1 Highest-Rated Group 31 | . . 31 Highest-Rated Ally 31 | . . 31 Total Orders . | . . . Ally Attacks 4 | . . 4 Total Damage 42 | . . 42 Kills 2 | . . 2 Allies Corrupted . | . . . Allies Melted . | . . . Intel | -11 -10 -10 ------- Run | Yrd Mat Min Robot Analysis Total . | . . . Derelict Logs Recovered 2 | . . 2 Drone Launches . | . . . Drone Recoveries . | . . . Exploration | -11 -10 -10 ------------- Run | Yrd Mat Min Turns Passed 481 | 38 139 304 Spaces Moved 356 | 28 90 238 Core 17 | 11 . 6 Treads . | . . . Legs 339 | 17 90 232 Wheels . | . . . Hover . | . . . Flight . | . . . Fastest Speed 50 | 50 120 100 Average Speed 117 | 92 120 119 Slowest Speed 200 | 120 120 200 Overloaded Moves . | . . . Propulsion Burnouts . | . . . Robots Hopped . | . . . Cave-ins Triggered . | . . . Exploration Rate (%) 29 | 4 28 55 Regions Visited 2 Branch Regions 1 Pre-discovered Areas 1 | . . 1 Known Exits Taken 1 | . 1 . Unknown Exits Taken 1 | 1 . . Scrap Searched 2 | . . 2 Spaces Dug . | . . . Terrain Destroyed 23 | . . 23 Melee . | . . . Projectile . | . . . AOE 23 | . . 23 Terrain Rammed . | . . . Walls Destroyed . | . . . Machines Disabled . | . . . Actions | -11 -10 -10 --------- Run | Yrd Mat Min Total 398 | 39 107 252 Wait . | . . . Move 354 | 27 89 238 Hop . | . . . Pick Up 18 | 6 7 5 Fast Attach 1 | 1 . . Attach 11 | 5 4 2 Detach . | . . . Swap 1 | . . 1 Drop 2 | . . 2 Fire 11 | . 7 4 Melee . | . . . Ram . | . . . Kick . | . . . Crush . | . . . Escape Stasis . | . . . Rewire . | . . . Trap . | . . . Miscellaneous . | . . . Route ------- -11/Scrapyard -10/Materials (discovered 3 exits: [Mat] / *Min x2) -10/Mines History --------- Turn | Location | Event 4 | -11/Scrapyard | Discovered new exit (range 15) 39 | -11/Scrapyard | Entered Materials 66 | -10/Materials | Identified exit to Mines 133 | -10/Materials | Discovered new exit (range 13) 178 | -10/Materials | Entered Mines 181 | -10/Mines | Received a Mining Laser from a helpful Derelict 250 | -10/Mines | Received a Rocket Launcher from a helpful Derelict 261 | -10/Mines | Learned Materials terminal intel 312 | -10/Mines | Build established: Mutant 415 | -10/Mines | Learned location of Storage (-7) 422 | -10/Mines | Assembled infested the area 457 | -10/Mines | Joined a pair of Derelicts in attacking an 0b10 outpost 476 | -10/Mines | Core integrity fell below 50% 479 | -10/Mines | Core integrity fell below 20% 482 | -10/Mines | Destroyed by D-53 Grenadier with Mini Grenade Launcher Last Messages --------------- strike. Need some help?" 00458_ Y-45 Defender suffers critical hit (Burn). 00462_ C-30 ARC bursts open, deploying its payload. 00462_ D-53 Grenadier unfolds itself. 00464_ NR-TKH(g) destroyed. 00464_ Machine disabled. 00464_ Y-45 Defender destroyed. 00464_ Machine disabled. 00464_ GT-P56(g) destroyed. 00467_ Dropped Assault Rifle. 00467_ Assault Rifle destroyed. 00469_ Aluminum Leg destroyed. 00470_ The unstable cave ceiling collapses. 00471_ Aluminum Leg destroyed. 00472_ The unstable cave ceiling collapses. 00473_ Rocket Launcher destroyed. 00474_ The unstable cave ceiling collapses. 00475_ Ion Engine destroyed. 00477_ The unstable cave ceiling collapses. 00482_ Mining Laser destroyed. Map ----- +----------------------------------------------------+ | ??????????????????## #### # | | ?????????????????## #?## ### ## | | ?????????????????# #?## ##?## ###? | | ?????????????????# ## #### #????###??? | | ?????????????????# #### #?# #?????????? | | ?????????????????# #??# ##?# #?????????? | | ?????????????????## ##?## ##?## #?????????? | | ??????????????????# ##?## ##?## ##?????????? | | ??????????????????# #?## ##??# #??????????? | | ?????????????????## ### ##???# ##?????????? | | ?????????????????# #???## ######????? | | ?????????????????# ##### ##???# ##???? | | ?????????????????# #???# ##????# #???? | | ?????????????????# #???# #?????# ######## | | ?????????????????# ##### #????## ### | | ?????????????????# #??### ### | | ???????????###???####### #?## #### | | ??????????## #????????# ### ## #??? | | ??######### ######### #### ####??? | | ??# !! ## ### #??## #?????? | | ??# # # ^## #?## ##???# ######## | | ??#^#^ # ### #######??#####????# %" !! | | ??# # #?### ##???####???????#?? | | ??# ## ^#???## ##?### #?##??? ### ### #### | | ??# #????# ### ## ##?# ### #??? | | ??### ###???## ### @ ## #??? | | ????# ##????# # # ###??? | | ????# ##???# # d #?????? | | ????## ##### # # #?????? | | ?????# ### #??????? | | ?????# ####### #### d #????????? | | ?????# #?????### #??## ##????????? | | ?????# #???????? #???## #?????????? | | ?????# #???????? #????## #?????????? | | ?????# #???????? ?????## # #?????????? | | ?????# #????????##??????## ##?????????? | | ?????# #?????????????????### ## #??????????? | | ?????# #???????????????????##### #??????????? | | ?????# #???????????????????????## ##??????????? | | ?????# ###??????????????????????####???????????? | | ?????# ##????????????????????????????????????? | | ?????# ##???????????????????????????????????? | | ?????# #???????????????????????????????????? | | ?????## #??????????????????????????????????? | | ??????## #??????????????????????????????????? | | ???????## #??????????????????????????????????? | | ????????## ##??????????????????????????????????? | | ??????????###???????????????????????????????????? | | ????????????????????????????????????????????????? | | ????????????????????????????????????????????????? | +----------------------------------------------------+ Best States ------------- Heat Dissipation 25 Energy Generation 10 Energy Capacity 250 Matter Stores 290 Matter Capacity 300 Sight Range 16 Terrain Scan Density 10 Utility Shielding 33 Evasion (%) 55 Item Schematics ----------------- None Robot Schematics ------------------ None Fabricated ------------ Nothing Alien Tech Used ----------------- None Achievements -------------- None Challenges ------------ None Game ------ Seed CoordinationParticlePlating Manual? 0 Play Time 00:07:21 Cumulative 18.6 hours Start 2024.04.03 @ 22:24:20 End 2024.04.03 @ 22:29:01 Sessions 1 Manual Loads 0 Difficulty Rogue Special Mode None Game No. 44 Rogue 41 Adventurer 3 Explorer 0 Win Type - Total 0 Types 0/0/0/0/0/0/0/0/0 Lore% 23 Gallery% 29 Achievement% 26 Wizard Run 0 Options --------- Layout 1 ASCII 0 Keyboard 0 Movement Mouse Keybinds 0 Fullscreen 1 Font 32/SmallcapsGlow Map View 77x35 Zoom Use 0% Tactical HUD 1 Map Filters NONE Filters NONE Steam 1 RUN: 8c7ef389-5325-4650-8a02-b237a3882bd3